 Dungeon Crawl Stone Soup version 0.29-a0-330-g52719c12eb (webtiles) character file.

Game seed: 14367843611304546666

2 Ajdolov the Skirmisher (level 1, 0/22 HPs)
             Began as an Ogre Warper on Apr 14, 2022.
             Slain by a jackal (2 damage)
             ... on level 1 of the Dungeon.
             The game lasted 00:00:29 (64 turns).

Ajdolov the Skirmisher (Ogre Warper)                  Turns: 64, Time: 00:00:29

Health: 0/22       AC:  3    Str: 14    XL:     1   Next: 40%
Magic:  3/3        EV:  9    Int: 14    God:
Gold:   0          SH:  0    Dex:  8    Spells: 4/4 levels left

rFire   . . .      SeeInvis .   a - +0 mace
rCold   . . .      Faith    .   (no shield)
rNeg    . . .      Spirit   .   b - +0 robe
rPois   .          Reflect  .   (helmet restricted)
rElec   .          Harm     .   (no cloak)
rCorr   .          Rampage  .   (gloves unavailable)
Will    .....                   (boots unavailable)
Stlth   +.........              (no amulet)
HPRegen 0.07/turn               (no ring)
MPRegen 0.08/turn               (no ring)

@: no status effects
A: large, unfitting armour, tough skin 1
a: no special abilities


You were on level 1 of the Dungeon.
You visited 1 branch of the dungeon, and saw 1 of its levels.

Inventory:

Hand Weapons
 a - a +0 mace (weapon)
Missiles
 d - 7 boomerangs of dispersal (quivered)
Armour
 b - a +0 robe (worn)
Scrolls
 c - a scroll of blinking
Potions
 e - 2 potions of degeneration {unknown}


   Skills:
 + Level 2.8 Fighting
 * Level 2.0 Maces & Flails
 - Level 1.0 Throwing
 - Level 2.1 Dodging
 - Level 2.4 Spellcasting
 - Level 2.6 Translocations


You had 4 spell levels left.
You didn't know any spells.
Your spell library contained the following spells:

 Spells                   Type           Power      Damage    Failure   Level
 Blink                    Tloc           18%        N/A       12%         2
 Gell's Gravitas          Tloc           9%         N/A       22%         3
 Lesser Beckoning         Tloc           9%         N/A       22%         3
 Teleport Other           Tloc           9%         N/A       22%         3
 Manifold Assault         Tloc           9%         N/A       91%         5


Dungeon Overview and Level Annotations

Branches:
Dungeon (1/15)

Altars:


Innate Abilities, Weirdness & Mutations

You are too large for most types of armour.
You have tough skin. (AC +1)


Message History

Aim: a giant cockroach (heavily wounded, about 44% to evade your +0 mace)
Okay, then.
The giant cockroach attacks as you move away!
The giant cockroach bites you. The kobold attacks as you move away!
The kobold hits you with a +0 short sword.
The jackal bites you but does no damage.
There is an open door here.
The jackal completely misses you.
You hit the jackal but do no damage.
The jackal bites you but does no damage.
The giant cockroach bites you but does no damage.
The jackal bites you.
You are too injured to fight recklessly!
You are too injured to fight recklessly!
Unknown command.
You hit the giant cockroach.
You kill the giant cockroach!
The jackal completely misses you.
You barely miss the jackal. The jackal bites you. x2
The kobold completely misses you.
Unknown command.
Sorry, you're not good enough to have a special ability.
You don't know any spells.
You don't know any spells.
Okay, then.
The jackal bites you.
* * * LOW HITPOINT WARNING * * *
The kobold hits you but does no damage. The jackal bites you.
* * * LOW HITPOINT WARNING * * *
Unknown command.
Unknown command.
Unknown command.
You hit the kobold.
You kill the kobold!
The jackal bites you.
* * * LOW HITPOINT WARNING * * *
Your Maces & Flails skill increases to level 2!
Unknown command.
You hit the jackal but do no damage. The jackal bites you.
You die...

. .. .# ##.#.
.#
##..#.###[####
.............#
.............#
.............#
.......K.....#
#####'##
#@)#...#
#.h'...+
#..#...#
####...####
#..#...#..#
#..'...'.<#
#..#...#.[#
####.#.####
#..#.#.#..#


You could see a jackal.

Vanquished Creatures
  A giant cockroach (D:1)
  A kobold (D:1)
  A rat (D:1)
3 creatures vanquished.

Notes
Turn   | Place    | Note
-------+----------+-------------------------------------------
     0 | D:1      | Ajdolov the Ogre Warper began the quest for the Orb.
     0 | D:1      | Reached XP level 1. HP: 22/22 MP: 3/3
    64 | D:1      | Slain by a jackal

Illustrated notes

Levels and vault maps discovered:
D:1:      dpeg_arrival_prison, layout_rooms, dk_noncrumbling_4

Skill      XL: |  1 |
---------------+----+-----
Maces & Flails | 2 |  2.0
Fighting       | |  2.8
Throwing       | |  1.0
Dodging        | |  2.1
Spellcasting   | |  2.4
Translocations | |  2.6

Action                   || total
-------------------------++-------
Melee: Mace              ||    10
Armor: Robe              ||     8
Dodge: Dodged            ||     6

Table legend: (Time is in decaauts)
 A = Elapsed time spent in this place.
 B = Non-inter-level travel time spent in this place.
 C = Inter-level travel time spent in this place.
 D = Time resting spent in this place.
 E = Time spent auto-exploring this place.
 F = Levels seen in this place.
 G = Mean time per level.
                   A        B        C        D        E       F      G
               +--------+--------+--------+--------+--------+-----+--------+
         Total |     66 |     66 |      0 |      0 |     39 |   1 |   66.0 |
       Dungeon |     66 |     66 |      0 |      0 |     39 |   1 |   66.0 |
               +--------+--------+--------+--------+--------+-----+--------+

Top non-repeatable levels by time:
     D:1: 66 daAuts
